 Dungeon Crawl Stone Soup version 0.29.1-15-g9cfb28693d (webtiles) character file.

Game seed: 12996157548657214245

121 H0rd4k the Charlatan (level 5, -12/35 (37) HPs)
             Began as a Human Artificer on Apr 13, 2023.
             Killed by divine providence
             ... invoked by an orc priest
              (14 damage)
             ... on level 3 of the Dungeon.
             The game lasted 00:02:04 (3378 turns).

H0rd4k the Charlatan (Human Artificer)              Turns: 3378, Time: 00:02:05

HP:   -12/35 (37)   AC:  3    Str: 12    XL:     5   Next: 26%
MP:   5/5           EV: 12    Int: 13    God:
Gold: 101           SH:  0    Dex: 14    Spells: 4/4 levels left

rFire   . . .      SeeInvis .   r - +5 hand axe (elec)
rCold   . . .      Faith    .   (no shield)
rNeg    . . .      Spirit   .   b - +0 leather armour
rPois   .          Reflect  .   (no helmet)
rElec   .          Harm     .   (no cloak)
rCorr   .          Rampage  .   (no gloves)
Will    .....                   (no boots)
Stlth   ++........              (no amulet)
HPRegen 0.11/turn               (no ring)
MPRegen 0.09/turn               (no ring)

@: drained
A: no striking features
a: no special abilities


You were on level 3 of the Dungeon.
You visited 1 branch of the dungeon, and saw 3 of its levels.

You collected 101 gold pieces.

Inventory:

Hand Weapons
 a - a +0 club
 q - a +2 dagger of electrocution
 r - a +5 hand axe of electrocution (weapon)
Armour
 b - a +0 leather armour (worn)
Jewellery
 s - a ring of willpower
Wands
 c - a wand of flame (5) (quivered)
 d - a wand of charming (10)
 e - a wand of iceblast (4)
Scrolls
 h - a scroll of fear {unknown}
 j - 2 scrolls of identify {unknown}
 l - a scroll of enchant armour {unknown}
 n - a scroll of immolation {unknown}
 o - a scroll of amnesia {unknown}
 p - a scroll of noise {unknown}
Potions
 f - a potion of berserk rage {unknown}
 g - 2 potions of curing {unknown}
 i - a potion of degeneration {unknown}
 k - a potion of cancellation {unknown}
 m - a potion of attraction {unknown}


   Skills:
 + Level 1.6 Fighting
 + Level 0.1(1.2) Axes
 + Level 2.1 Maces & Flails
 - Level 2.0 Armour
 + Level 2.2 Dodging
 + Level 1.5 Stealth
 + Level 4.0 Evocations


You had 4 spell levels left.
You didn't know any spells.
Your spell library was empty.

Dungeon Overview and Level Annotations

Branches:
Dungeon (3/15)

Altars:


Message History

The orc shouts!
You hear an angry hiss.
Things that are here:
a +0 whip; an orc corpse An orc priest comes into view.
It is wielding a +0 short sword.
The orc priest shouts!
You completely miss the orc. The orc closely misses you.
The orc barely misses you.
You barely miss the orc.
A ball python comes into view.
The orc hits you but does no damage.
You hit the orc.
The orc is almost dead.
The orc hits you with a +0 morningstar.
You slash the orc!
You kill the orc!
You barely miss the orc priest.
The orc priest hits you with a +0 short sword.
You hit the orc priest.
You punch the orc priest, but do no damage.
The orc priest is moderately wounded.
The orc priest hits you with a +0 short sword. x2
You hit the orc priest.
The orc priest is severely wounded.
The orc priest invokes the aid of Beogh against you.
Beogh smites you!
* * * LOW HITPOINT WARNING * * *
There are monsters nearby!
There are monsters nearby!
You closely miss the orc priest.
The orc priest is severely wounded.
The orc priest hits you with a +0 short sword.
* * * LOW HITPOINT WARNING * * *
You closely miss the orc priest.
The orc priest is severely wounded.
The orc priest invokes the aid of Beogh against you.
Pain shoots through your body!
* * * LOW HITPOINT WARNING * * *
The orc priest mumbles some strange prayers to Beogh against you.
Beogh smites you!
You die...

#.....# #.#.#.#
...#...#
###.#..## #.#).#
#####.#>.#
.........#####.#
.####..)........
####@###### #o#
#S# #.# ..# #..
#.# #.#


You could see an orc priest and a ball python.

Vanquished Creatures
  A scorpion zombie (D:2)
  Terence (D:2)
  A hound zombie (D:2)
  2 adder zombies (D:2)
  2 adder skeletons (D:2)
  A worm (D:2)
  2 orcs (D:3)
  A ball python (D:1)
  2 endoplasms (D:2)
  A giant cockroach (D:2)
  4 goblins (D:2)
  2 hobgoblins
  4 quokkas
  2 ball python skeletons (D:2)
  A ball python zombie (D:2)
  4 bats
  A frilled lizard (D:2)
  2 kobolds
  A quokka skeleton (D:2)
  5 rats
40 creatures vanquished.

Vanquished Creatures (collateral kills)
  An endoplasm (D:2)
  A bat (D:2)
2 creatures vanquished.

Vanquished Creatures (others)
  A hobgoblin (D:2)
  A goblin (D:2)
  7 withered plants (D:2)
9 creatures vanquished.

Grand Total: 51 creatures vanquished

Notes
Turn   | Place    | Note
-------+----------+-------------------------------------------
     0 | D:1      | H0rd4k the Human Artificer began the quest for the Orb.
     0 | D:1      | Reached XP level 1. HP: 15/15 MP: 1/1
   196 | D:1      | Found a faded altar of an unknown god.
   405 | D:1      | Reached XP level 2. HP: 17/21 MP: 2/2
  1370 | D:2      | Noticed Terence
  1708 | D:2      | HP: 1/21 [hobgoblin (1)]
  1714 | D:2      | Reached XP level 3. HP: 2/26 MP: 3/3
  2242 | D:2      | Reached skill level 1 in Maces & Flails
  2247 | D:2      | Reached XP level 4. HP: 9/32 MP: 4/4
  3015 | D:2      | Reached skill level 4 in Evocations
  3146 | D:2      | Killed Terence
  3147 | D:2      | Reached XP level 5. HP: 37/37 MP: 5/5
  3378 | D:3      | Killed from afar by an orc priest

Illustrated notes

Levels and vault maps discovered:
D:1:      lemuel_arrival_funnel, layout_basic, shapermc_ecumenical_altar_gd
D:2:      layout_basic, serial_undead, serial_undead_f, serial_undead_c,
          serial_undead_b, serial_undead_a, serial_undead_d, serial_undead_c,
          serial_undead_f, uniq_terence
D:3:      layout_loops_ring, nicolae_tso_besieged_by_evil,
          mainiacjoe_overflow_catwalk_spiral, gammafunk_ghost_necromancy,
          uniq_crazy_yiuf_cottage

Skill      XL: |  1  2  3  4 |
---------------+-------------+-----
Maces & Flails | 1 2 |  2.1
Evocations     | 4 |  4.0
Dodging        | 2 |  2.2
Fighting       | |  1.6
Axes           | |  0.1
Armour         | |  2.0
Stealth        | |  1.5

Action                   |  1- 3 |  4- 6 || total
-------------------------+-------+-------++-------
Melee: Club              |   115 |    79 ||   194
       Punch             |     1 |     1 ||     2
       Hand axe          |       |    20 ||    20
Evoke: Wand              |     9 |     7 ||    16
 Stab: Sleeping          |       |     1 ||     1
Armor: Leather armour    |    43 |    30 ||    73
Dodge: Dodged            |    93 |    48 ||   141
